[ AOE2 MATCH · #506007120 ]
UnrankedMongols vs Lithuanians
Player's team · LOSS
[ REPLAY ANALYSIS · EXTRACTED FROM THE RECORDED GAME ]
Feudal
13:22
Castle
—
Imperial
—
| APM avg | 103.7 |
| APM peak | 147 |
| eAPM avg | 68.9 |
| Villagers / military | 62 / 27 |
Focus
⚔️ 61.8% · 🌾 38.2%
Skirmisher ×18 · Militia ×7 · Spearman ×2
Feudal
15:00
Castle
24:18
Imperial
—
| APM avg | 63.9 |
| APM peak | 136 |
| eAPM avg | 35.5 |
| Villagers / military | 57 / 19 |
Focus
⚔️ 61.0% · 🌾 39.0%
Militia ×12 · Archer ×4 · Knight ×3
Match map
Initial resources + every placement click. Lines = walls · curves = elevation contours. ◆ gold · ⬟ stone · ● berries · ✦ relic · ◌ wall gap
Your base· ✓ Closed at 12:00 · 33t walls · no gate
Senhor FORTALEZA's base· Open — opponent sealed themselves in
Smoothed initial terrain · ◌ = detected wall gap · hover for details
Inputs per minute
— OS+ | FaNaTiick - - Senhor FORTALEZA
Build order — OS+ | FaNaTiick
First 150 of 185 actions detected
| 0:00 | Queue | Villager (Male) |
| 0:00 | Queue | Villager (Male) |
| 0:01 | Queue | Villager (Male) |
| 0:02 | Build | House |
| 0:03 | Build | House |
| 0:08 | Queue | Villager (Male) |
| 0:08 | Queue | Villager (Male) |
| 0:43 | Research | Loom |
| 0:44 | Queue | Villager (Male) |
| 0:44 | Queue | Villager (Male) |
| 1:52 | Queue | Villager (Male) |
| 2:23 | Build | Lumber Camp |
| 2:34 | Queue | Villager (Male) |
| 2:58 | Queue | Villager (Male) |
| 2:58 | Queue | Villager (Male) |
| 3:11 | Build | Palisade Wall |
| 3:15 | Build | Palisade Wall |
| 3:16 | Build | Palisade Wall |
| 3:17 | Build | Palisade Wall |
| 3:18 | Build | Palisade Wall |
| 3:25 | Queue | Villager (Male) |
| 3:25 | Queue | Villager (Male) |
| 3:50 | Queue | Villager (Male) |
| 4:03 | Build | House |
| 4:17 | Queue | Villager (Male) |
| 4:17 | Queue | Villager (Male) |
| 4:36 | Build | House |
| 4:45 | Queue | Villager (Male) |
| 4:45 | Queue | Villager (Male) |
| 5:06 | Queue | Villager (Male) |
| 5:15 | Queue | Villager (Male) |
| 5:16 | Queue | Villager (Male) |
| 5:51 | Queue | Villager (Male) |
| 6:19 | Queue | Villager (Male) |
| 6:39 | Build | Mill |
| 6:50 | Queue | Villager (Male) |
| 7:01 | Queue | Villager (Male) |
| 7:17 | Build | Farm |
| 7:20 | Build | Farm |
| 7:21 | Queue | Villager (Male) |
| 7:36 | Build | Farm |
| 7:39 | Build | Farm |
| 7:41 | Queue | Villager (Male) |
| 7:48 | Build | House |
| 7:51 | Build | Farm |
| 8:15 | Queue | Villager (Male) |
| 8:17 | Build | Farm |
| 8:40 | Build | Farm |
| 8:46 | Build | Farm |
| 8:50 | Build | Palisade Wall |
| 8:51 | Build | Palisade Wall |
| 8:57 | Queue | Villager (Male) |
| 9:05 | Build | Farm |
| 9:09 | Queue | Villager (Male) |
| 9:11 | Build | Farm |
| 9:30 | Build | Farm |
| 9:36 | Build | Palisade Wall |
| 9:38 | Queue | Villager (Male) |
| 9:47 | Build | Farm |
| 9:54 | Queue | Villager (Male) |
| 10:00 | Build | Farm |
| 10:26 | Build | Farm |
| 10:33 | Build | Palisade Wall |
| 10:39 | Queue | Villager (Male) |
| 10:42 | Build | Farm |
| 10:52 | Build | House |
| 10:56 | Build | Palisade Wall |
| 10:57 | Build | House |
| 10:59 | Build | Palisade Wall |
| 11:05 | Build | Palisade Wall |
| 11:07 | Build | Palisade Wall |
| 11:12 | Research | Feudal Age |
| 11:36 | Build | Palisade Wall |
| 11:37 | Build | Palisade Wall |
| 11:38 | Build | Palisade Wall |
| 11:39 | Build | Palisade Wall |
| 12:08 | Build | Barracks |
| 12:26 | Queue | Villager (Male) |
| 12:34 | Build | Palisade Wall |
| 12:35 | Build | Palisade Wall |
| 12:36 | Build | Palisade Wall |
| 12:41 | Build | Mining Camp |
| 12:47 | Queue | Militia |
| 12:47 | Queue | Militia |
| 12:47 | Queue | Militia |
| 13:22 | Age | Feudal Age |
| 13:26 | Queue | Villager (Male) |
| 13:37 | Research | Horse Collar |
| 13:37 | Research | Double-Bit Axe |
| 13:39 | Queue | Villager (Male) |
| 13:40 | Queue | Militia |
| 13:59 | Queue | Villager (Male) |
| 14:04 | Queue | Militia |
| 14:14 | Queue | Villager (Male) |
| 14:17 | Queue | Villager (Male) |
| 14:22 | Research | Man-at-Arms (upgrade) |
| 14:32 | Build | Farm |
| 14:34 | Build | Farm |
| 14:38 | Build | Farm |
| 14:47 | Build | House |
| 14:50 | Build | House |
| 14:53 | Queue | Militia |
| 14:55 | Queue | Villager (Male) |
| 15:04 | Build | Palisade Wall |
| 15:05 | Build | Palisade Wall |
| 15:11 | Queue | Villager (Male) |
| 15:11 | Queue | Villager (Male) |
| 15:20 | Build | Mining Camp |
| 15:31 | Queue | Militia |
| 15:34 | Queue | Villager (Male) |
| 15:40 | Build | Watch Tower |
| 15:54 | Build | Palisade Gate |
| 16:00 | Build | Palisade Wall |
| 16:21 | Queue | Villager (Male) |
| 16:42 | Build | Archery Range |
| 16:47 | Queue | Villager (Male) |
| 17:08 | Build | House |
| 17:11 | Build | Palisade Wall |
| 17:13 | Queue | Skirmisher |
| 17:16 | Queue | Villager (Male) |
| 17:16 | Queue | Villager (Male) |
| 17:20 | Queue | Skirmisher |
| 17:32 | Build | Lumber Camp |
| 17:39 | Build | Stone Wall |
| 17:40 | Build | Stone Wall |
| 17:47 | Queue | Skirmisher |
| 17:59 | Queue | Villager (Male) |
| 18:14 | Queue | Villager (Male) |
| 18:15 | Queue | Skirmisher |
| 18:31 | Queue | Skirmisher |
| 18:33 | Queue | Villager (Male) |
| 18:33 | Queue | Villager (Male) |
| 18:46 | Queue | Skirmisher |
| 18:46 | Queue | Skirmisher |
| 19:04 | Queue | Villager (Male) |
| 19:09 | Queue | Skirmisher |
| 19:20 | Build | Lumber Camp |
| 19:21 | Queue | Villager (Male) |
| 19:30 | Queue | Skirmisher |
| 19:43 | Build | Stone Wall |
| 19:50 | Queue | Skirmisher |
| 19:58 | Queue | Villager (Male) |
| 20:11 | Build | Farm |
| 20:12 | Build | Mill |
| 20:13 | Build | Farm |
| 20:27 | Build | Mining Camp |
| 21:32 | Queue | Villager (Male) |
| 21:32 | Queue | Villager (Male) |
| 21:37 | Build | Mill |
| 21:37 | Build | Farm |
Build order — Senhor FORTALEZA
First 150 of 156 actions detected
| 0:03 | Research | Loom |
| 0:04 | Queue | Villager (Male) |
| 0:04 | Queue | Villager (Male) |
| 0:05 | Queue | Villager (Male) |
| 0:08 | Build | House |
| 0:14 | Queue | Villager (Male) |
| 0:24 | Queue | Villager (Male) |
| 0:24 | Queue | Villager (Male) |
| 1:05 | Build | Palisade Wall |
| 1:18 | Build | Palisade Wall |
| 1:22 | Build | Palisade Wall |
| 1:23 | Build | Palisade Wall |
| 2:54 | Build | Palisade Wall |
| 2:56 | Build | Palisade Wall |
| 2:57 | Build | Palisade Wall |
| 2:58 | Build | Palisade Wall |
| 2:59 | Build | Palisade Wall |
| 3:07 | Build | Palisade Wall |
| 3:14 | Build | Mill |
| 3:24 | Build | Palisade Wall |
| 3:26 | Build | Palisade Wall |
| 3:33 | Build | House |
| 3:36 | Queue | Villager (Male) |
| 3:36 | Queue | Villager (Male) |
| 4:15 | Queue | Villager (Male) |
| 4:44 | Queue | Villager (Male) |
| 4:45 | Queue | Villager (Male) |
| 5:09 | Build | House |
| 5:14 | Queue | Villager (Male) |
| 5:15 | Queue | Villager (Male) |
| 5:15 | Queue | Villager (Male) |
| 5:54 | Build | House |
| 6:06 | Queue | Villager (Male) |
| 6:32 | Queue | Villager (Male) |
| 6:34 | Queue | Villager (Male) |
| 6:34 | Queue | Villager (Male) |
| 6:49 | Build | Lumber Camp |
| 7:18 | Queue | Villager (Male) |
| 7:22 | Build | House |
| 7:43 | Build | Palisade Wall |
| 7:46 | Build | Palisade Wall |
| 7:51 | Queue | Villager (Male) |
| 8:14 | Queue | Villager (Male) |
| 8:25 | Queue | Villager (Male) |
| 8:44 | Queue | Villager (Male) |
| 8:48 | Build | Barracks |
| 8:51 | Build | Barracks |
| 9:28 | Build | House |
| 9:42 | Build | Mill |
| 9:43 | Queue | Villager (Male) |
| 9:50 | Queue | Militia |
| 9:55 | Queue | Militia |
| 10:00 | Queue | Villager (Male) |
| 10:09 | Queue | Villager (Male) |
| 10:13 | Queue | Militia |
| 10:14 | Queue | Villager (Male) |
| 10:17 | Build | Mining Camp |
| 10:35 | Queue | Villager (Male) |
| 10:45 | Queue | Militia |
| 10:51 | Queue | Villager (Male) |
| 11:05 | Build | Lumber Camp |
| 11:09 | Queue | Villager (Male) |
| 11:36 | Queue | Militia |
| 12:13 | Queue | Villager (Male) |
| 12:32 | Queue | Villager (Male) |
| 12:50 | Research | Feudal Age |
| 12:50 | Research | Feudal Age |
| 12:53 | Queue | Militia |
| 12:56 | Build | House |
| 12:57 | Build | House |
| 13:16 | Queue | Militia |
| 13:25 | Queue | Villager (Male) |
| 13:45 | Build | Farm |
| 13:45 | Build | Farm |
| 13:50 | Queue | Militia |
| 13:57 | Queue | Militia |
| 14:07 | Build | House |
| 14:07 | Build | House |
| 14:13 | Queue | Militia |
| 14:16 | Queue | Villager (Male) |
| 14:37 | Queue | Villager (Male) |
| 14:41 | Queue | Villager (Male) |
| 14:44 | Build | Mining Camp |
| 15:00 | Age | Feudal Age |
| 15:08 | Research | Man-at-Arms (upgrade) |
| 15:13 | Build | Watch Tower |
| 15:21 | Build | Archery Range |
| 15:29 | Queue | Villager (Male) |
| 15:31 | Build | House |
| 15:32 | Build | House |
| 15:33 | Build | Farm |
| 15:33 | Build | Farm |
| 15:34 | Build | Farm |
| 16:13 | Queue | Archer |
| 16:14 | Queue | Archer |
| 16:14 | Queue | Villager (Male) |
| 16:23 | Queue | Militia |
| 16:36 | Queue | Militia |
| 16:36 | Queue | Villager (Male) |
| 16:41 | Queue | Villager (Male) |
| 16:42 | Build | House |
| 16:42 | Build | House |
| 17:06 | Build | Watch Tower |
| 17:12 | Queue | Archer |
| 17:21 | Queue | Villager (Male) |
| 17:33 | Queue | Villager (Male) |
| 17:41 | Queue | Villager (Male) |
| 17:46 | Queue | Villager (Male) |
| 17:47 | Build | House |
| 17:49 | Queue | Archer |
| 18:20 | Build | Blacksmith |
| 18:21 | Queue | Villager (Male) |
| 18:21 | Queue | Villager (Male) |
| 18:21 | Queue | Villager (Male) |
| 18:28 | Build | Stone Wall |
| 18:30 | Build | House |
| 18:37 | Queue | Villager (Male) |
| 18:46 | Build | Watch Tower |
| 19:10 | Build | House |
| 19:11 | Queue | Villager (Male) |
| 19:17 | Build | Farm |
| 19:18 | Queue | Villager (Male) |
| 19:19 | Build | Farm |
| 19:20 | Build | Farm |
| 19:26 | Queue | Villager (Male) |
| 19:28 | Build | Watch Tower |
| 19:35 | Queue | Villager (Male) |
| 19:35 | Queue | Villager (Male) |
| 19:59 | Queue | Villager (Male) |
| 20:03 | Build | Farm |
| 20:16 | Build | House |
| 20:22 | Build | Market |
| 20:39 | Build | Watch Tower |
| 21:38 | Research | Castle Age |
| 21:47 | Build | Stable |
| 21:49 | Build | Stable |
| 22:01 | Research | Double-Bit Axe |
| 22:04 | Build | Farm |
| 23:16 | Research | Bloodlines |
| 23:34 | Research | Horse Collar |
| 23:35 | Queue | Villager (Male) |
| 23:35 | Queue | Villager (Male) |
| 23:36 | Build | Farm |
| 23:36 | Build | Farm |
| 23:37 | Build | Farm |
| 23:37 | Build | Farm |
| 23:44 | Build | Watch Tower |
| 23:59 | Build | House |
| 24:18 | Age | Castle Age |
| 24:23 | Build | Siege Workshop |
Match timeline
| 1:05 | Senhor FORTALEZA · wall_segment Palisade Wall x1 |
| 1:18 | Senhor FORTALEZA · wall_segment Palisade Wall x1 |
| 1:22 | Senhor FORTALEZA · wall_segment Palisade Wall x1 |
| 1:23 | Senhor FORTALEZA · wall_segment Palisade Wall x1 |
| 2:54 | Senhor FORTALEZA · wall_segment Palisade Wall x2 |
| 2:56 | Senhor FORTALEZA · wall_segment Palisade Wall x3 |
| 2:57 | Senhor FORTALEZA · wall_segment Palisade Wall x2 |
| 2:58 | Senhor FORTALEZA · wall_segment Palisade Wall x1 |
| 2:59 | Senhor FORTALEZA · wall_segment Palisade Wall x2 |
| 3:07 | Senhor FORTALEZA · wall_segment Palisade Wall x1 |
| 3:11 | OS+ | FaNaTiick · wall_segment Palisade Wall x1 |
| 3:15 | OS+ | FaNaTiick · wall_segment Palisade Wall x1 |
| 3:16 | OS+ | FaNaTiick · wall_segment Palisade Wall x1 |
| 3:17 | OS+ | FaNaTiick · wall_segment Palisade Wall x1 |
| 3:18 | OS+ | FaNaTiick · wall_segment Palisade Wall x1 |
| 3:24 | Senhor FORTALEZA · wall_segment Palisade Wall x1 |
| 3:26 | Senhor FORTALEZA · wall_segment Palisade Wall x1 |
| 7:43 | Senhor FORTALEZA · wall_segment Palisade Wall x3 |
| 7:46 | Senhor FORTALEZA · wall_segment Palisade Wall x1 |
| 8:48 | Senhor FORTALEZA · first_building Barracks |
| 8:50 | OS+ | FaNaTiick · wall_segment Palisade Wall x1 |
| 8:51 | OS+ | FaNaTiick · wall_segment Palisade Wall x1 |
| 9:36 | OS+ | FaNaTiick · wall_segment Palisade Wall x6 |
| 10:33 | OS+ | FaNaTiick · wall_segment Palisade Wall x6 |
| 10:56 | OS+ | FaNaTiick · wall_segment Palisade Wall x1 |
| 10:59 | OS+ | FaNaTiick · wall_segment Palisade Wall x1 |
| 11:05 | OS+ | FaNaTiick · wall_segment Palisade Wall x1 |
| 11:07 | OS+ | FaNaTiick · wall_segment Palisade Wall x7 |
| 11:36 | OS+ | FaNaTiick · wall_segment Palisade Wall x1 |
| 11:37 | OS+ | FaNaTiick · wall_segment Palisade Wall x1 |
| 11:38 | OS+ | FaNaTiick · wall_segment Palisade Wall x1 |
| 11:39 | OS+ | FaNaTiick · wall_segment Palisade Wall x1 |
| 12:08 | OS+ | FaNaTiick · first_building Barracks |
| 12:34 | OS+ | FaNaTiick · wall_segment Palisade Wall x1 |
| 12:35 | OS+ | FaNaTiick · wall_segment Palisade Wall x1 |
| 12:36 | OS+ | FaNaTiick · wall_segment Palisade Wall x1 |
| 13:22 | OS+ | FaNaTiick · age_up feudal |
| 15:00 | Senhor FORTALEZA · age_up feudal |
| 15:04 | OS+ | FaNaTiick · wall_segment Palisade Wall x1 |
| 15:05 | OS+ | FaNaTiick · wall_segment Palisade Wall x1 |
| 15:21 | Senhor FORTALEZA · first_building Archery Range |
| 16:00 | OS+ | FaNaTiick · wall_segment Palisade Wall x1 |
| 16:42 | OS+ | FaNaTiick · first_building Archery Range |
| 17:11 | OS+ | FaNaTiick · wall_segment Palisade Wall x1 |
| 17:39 | OS+ | FaNaTiick · wall_segment Stone Wall x1 |
| 17:40 | OS+ | FaNaTiick · wall_segment Stone Wall x1 |
| 18:28 | Senhor FORTALEZA · wall_segment Stone Wall x1 |
| 19:43 | OS+ | FaNaTiick · wall_segment Stone Wall x1 |
| 21:35 | Senhor FORTALEZA · first_market_sell 100 wood |
| 21:36 | Senhor FORTALEZA · first_market_buy 100 food |
| 21:47 | Senhor FORTALEZA · first_building Stable |
| 23:04 | OS+ | FaNaTiick · wall_segment Stone Wall x1 |
| 23:10 | OS+ | FaNaTiick · wall_segment Stone Wall x1 |
| 23:31 | OS+ | FaNaTiick · first_market_sell 100 wood |
| 24:18 | Senhor FORTALEZA · age_up castle |
| 24:23 | Senhor FORTALEZA · first_building Siege Workshop |
| 25:07 | OS+ | FaNaTiick · resign |
[ AI ANALYSIS · 1 CREDIT ]
What really happened in this match?
Wolo.gg analyzes every decision: build order, eco, micro, common mistakes by bracket. Personalized analysis on WhatsApp or Discord in 30 seconds.
Civ guide
Mongols
Perfil
Jugador #21271598